TOP OF THE 1ST |
Cleveland Browns batting - Pitching for Buckhead Bowties : RHP Oscar Kenselaar
|
Pitching: RHP Oscar Kenselaar
|
|
Batting: RHB Roy Burns
|
0-0: Ball 1-0: Ball 2-0: Ball 3-0: Base on Balls
|
Batting: RHB Richard Trevithick
|
0-0: Foul Ball, location: 2F 0-1: Ball 1-1: Ball 2-1: Called Strike 2-2: Foul Ball, location: 2F 2-2: Foul Ball, location: 2F 2-2: SINGLE (Line Drive, 8RS, EV 88.1 MPH) Roy Burns to second
|
Batting: LHB Henry Madore
|
0-0: Ball 1-0: Called Strike 1-1: Ball 2-1: SINGLE (Groundball, 34D, EV 103.8 MPH) Roy Burns to third Richard Trevithick to second
|
Batting: SHB Galtero Suárez
|
0-0: Foul Ball, location: 2F 0-1: Ball 1-1: Foul Ball, location: 2F 1-2: Grounds into double play, 4-6-3 (Groundball, 4, EV 100.0 MPH) Roy Burns scores Richard Trevithick to third
|
Batting: LHB Surender Nada
|
0-0: Ball 1-0: Called Strike 1-1: Swinging Strike 1-2: Foul Ball, location: 2F 1-2: 2-RUN HOME RUN (Flyball, 7D, EV 101.9 MPH), Distance : 384 ft
|
Batting: SHB Esteban Piñeiro
|
0-0: Foul Ball, location: 2F 0-1: Foul Ball, location: 2F 0-2: DOUBLE (Line Drive, 89M, EV 92.5 MPH)
|
Batting: RHB Rob Brooks
|
0-0: Called Strike 0-1: Ball 1-1: Ball 2-1: Ball 3-1: Foul Ball, location: 2F 3-2: Foul Ball, location: 2F 3-2: Foul Ball, location: 2F 3-2: Foul Ball, location: 2F 3-2: Base on Balls
|
Batting: LHB Lauren Hilfiker
|
0-0: Ball 1-0: Called Strike 1-1: Ball 2-1: Ball 3-1: Base on Balls Esteban Piñeiro to third Rob Brooks to second
|
Batting: RHB Katsuhiko Ishihara
|
0-0: Foul Ball, location: 2F 0-1: Foul Ball, location: 2F 0-2: Foul Ball, location: 2F 0-2: Ball 1-2: Ball 2-2: Ball 3-2: Ground out 6-3 (Groundball, 56, EV 89.4 MPH)
|
Top of the 1st over - 3 runs, 4 hits, 0 errors, 3 left on base; Cleveland 3 - Buckhead 0 |
BOTTOM OF THE 1ST |
Buckhead Bowties batting - Pitching for Cleveland Browns : LHP Dale Snider
|
Pitching: LHP Dale Snider
|
|
Batting: SHB Nuygen Vuong
|
0-0: Ball 1-0: Ball 2-0: Ball 3-0: Called Strike 3-1: Base on Balls
|
Batting: RHB Jeff Mouton
|
0-0: Foul Ball, location: 2F 0-1: Called Strike 0-2: Ball 1-2: Ball 2-2: DOUBLE (Line Drive, 7LM, EV 107.5 MPH) Nuygen Vuong to third
|
Batting: LHB Marcus Shill
|
0-0: Ground out 4-3 (Groundball, 4, EV 80.0 MPH) Nuygen Vuong scores Jeff Mouton to third
|
Batting: RHB Emílio Agramónte
|
0-0: Foul Ball, location: 2F 0-1: Ball 1-1: Foul Ball, location: 2F 1-2: Foul Ball, location: 2F 1-2: Ground out 4-3 (Groundball, 4M, EV 83.1 MPH) Jeff Mouton scores
|
Batting: LHB Jesús Encarnación
|
0-0: Ball 1-0: Foul Ball, location: 2F 1-1: Ball 2-1: Swinging Strike 2-2: Foul Ball, location: 2F 2-2: Ground out 6-3 (Groundball, 4M, EV 81.9 MPH)
|
Bottom of the 1st over - 2 runs, 1 hit, 0 errors, 0 left on base; Cleveland 3 - Buckhead 2 |
TOP OF THE 2ND |
Cleveland Browns batting - Pitching for Buckhead Bowties : RHP Oscar Kenselaar
|
Batting: RHB Roy Burns
|
0-0: Ball 1-0: Ball 2-0: Fly out, F9 (Flyball, 9S, EV 95.0 MPH)
|
Batting: RHB Richard Trevithick
|
0-0: Called Strike 0-1: Fly out, F8 (Line Drive, 8RM, EV 98.8 MPH)
|
Batting: LHB Henry Madore
|
0-0: Called Strike 0-1: Ball 1-1: Ball 2-1: Foul Ball, location: 2F 2-2: Strikes out looking
|
Top of the 2nd over - 0 runs, 0 hits, 0 errors, 0 left on base; Cleveland 3 - Buckhead 2 |
BOTTOM OF THE 2ND |
Buckhead Bowties batting - Pitching for Cleveland Browns : LHP Dale Snider
|
Batting: RHB Barsati Saraf
|
0-0: DOUBLE (Flyball, 8LXD, EV 99.4 MPH)
|
Batting: SHB Henrique de Senna Fernandes
|
0-0: Ground out 2-3 (Groundball, 15S, EV 70.0 MPH) Barsati Saraf to third
|
Batting: RHB Henry Lambright
|
0-0: Ball 1-0: Ball 2-0: Called Strike 2-1: Ball 3-1: Base on Balls
|
Batting: LHB Badry Maksimenov
|
0-0: Called Strike 0-1: Ball 1-1: Called Strike 1-2: Ball 2-2: Ball 3-2: Foul Ball, location: 2F 3-2: Base on Balls Henry Lambright to second
|
Batting: SHB Nuygen Vuong
|
0-0: Called Strike 0-1: Ball 1-1: Swinging Strike 1-2: Foul Ball, location: 2F 1-2: Foul Ball, location: 2F 1-2: Strikes out swinging
|
Batting: RHB Jeff Mouton
|
0-0: Ball 1-0: SINGLE (Line Drive, 7S, EV 106.9 MPH) Barsati Saraf scores Henry Lambright to third Badry Maksimenov to second Runner from 3rd tries for Home, SAFE, throw by LF to home
|
Batting: LHB Marcus Shill
|
0-0: Called Strike 0-1: Called Strike 0-2: Strikes out swinging
|
Bottom of the 2nd over - 2 runs, 2 hits, 0 errors, 2 left on base; Cleveland 3 - Buckhead 4 |
TOP OF THE 3RD |
Cleveland Browns batting - Pitching for Buckhead Bowties : RHP Oscar Kenselaar
|
Batting: SHB Galtero Suárez
|
0-0: Ball 1-0: Foul Ball, location: 2F 1-1: Ball 2-1: Foul Ball, location: 2F 2-2: Ball 3-2: Foul Ball, location: 2F 3-2: SINGLE (Line Drive, 6D, EV 98.8 MPH)
|
Batting: LHB Surender Nada
|
0-0: Foul Ball, location: 2F 0-1: Ball 1-1: Ball 2-1: Called Strike 2-2: Strikes out looking
|
Batting: SHB Esteban Piñeiro
|
0-0: Called Strike 0-1: Foul Ball, location: 2F 0-2: Fielders Choice at 2nd, 4-6 (Groundball, 4, EV 84.4 MPH)
|
Batting: RHB Rob Brooks
|
0-0: Ball 1-0: Ball 2-0: Called Strike 2-1: Ball 3-1: Called Strike 3-2: Foul Ball, location: 2F 3-2: SINGLE (Groundball, 6MD, EV 101.2 MPH) Esteban Piñeiro to second Esteban Piñeiro to third
|
Batting: LHB Lauren Hilfiker
|
0-0: Ground out 4-3 (Groundball, 4, EV 85.6 MPH)
|
Top of the 3rd over - 0 runs, 2 hits, 0 errors, 2 left on base; Cleveland 3 - Buckhead 4 |
BOTTOM OF THE 3RD |
Buckhead Bowties batting - Pitching for Cleveland Browns : LHP Dale Snider
|
Batting: RHB Emílio Agramónte
|
0-0: SOLO HOME RUN (Line Drive, 7LD, EV 103.8 MPH), Distance : 406 ft
|
Batting: LHB Jesús Encarnación
|
0-0: Ball 1-0: Swinging Strike 1-1: Ball 2-1: SOLO HOME RUN (Flyball, 7LD, EV 98.1 MPH), Distance : 344 ft
|
Batting: RHB Barsati Saraf
|
0-0: Hit by Pitch
|
Pitching: RHP Bob Shepard
|
|
Batting: SHB Henrique de Senna Fernandes
|
0-0: Ball 1-0: Ball 2-0: Fly out, F9 (Line Drive, 9, EV 94.4 MPH)
|
Batting: RHB Henry Lambright
|
0-0: Called Strike 0-1: Foul Ball, location: 2F 0-2: Fielders Choice at 2nd, 4-6 (Groundball, 34, EV 81.2 MPH)
|
Batting: LHB Badry Maksimenov
|
0-0: Foul Ball, location: 2F 0-1: Fly out, F3 (Popup, 34S, EV 83.8 MPH)
|
Bottom of the 3rd over - 2 runs, 2 hits, 0 errors, 1 left on base; Cleveland 3 - Buckhead 6 |
TOP OF THE 4TH |
Cleveland Browns batting - Pitching for Buckhead Bowties : RHP Oscar Kenselaar
|
Batting: RHB Katsuhiko Ishihara
|
0-0: Ball 1-0: Ball 2-0: Ball 3-0: Base on Balls
|
Batting: RHB Roy Burns
|
0-0: Called Strike 0-1: Fielders Choice at 2nd, 6-4 (Groundball, 6, EV 85.6 MPH)
|
Batting: RHB Richard Trevithick
|
0-0: Called Strike 0-1: Ball 1-1: Foul Ball, location: 2F 1-2: Strikes out swinging
|
Batting: LHB Henry Madore
|
0-0: Called Strike 0-1: Foul Ball, location: 2F 0-2: 2-RUN HOME RUN (Flyball, 9D, EV 98.8 MPH), Distance : 364 ft
|
Batting: SHB Galtero Suárez
|
0-0: Ball 1-0: Called Strike 1-1: SINGLE (Groundball, 4MD, EV 96.9 MPH)
|
Pitching: LHP Jong-yong Ha
|
|
Batting: LHB Surender Nada
|
0-0: Ball 1-0: Called Strike 1-1: Foul Ball, location: 2F 1-2: Foul Ball, location: 2F 1-2: Ball 2-2: Hit by Pitch Galtero Suárez to second
|
Batting: SHB Esteban Piñeiro
|
0-0: Ball 1-0: Called Strike 1-1: Ball 2-1: Ball 3-1: Base on Balls Galtero Suárez to third Surender Nada to second
|
Batting: RHB Rob Brooks
|
0-0: Called Strike 0-1: Ball 1-1: SINGLE (Line Drive, 9S, EV 104.4 MPH) Galtero Suárez scores Surender Nada to third Esteban Piñeiro to second Runner from 3rd tries for Home, SAFE, no throw by RF
|
Batting: LHB Lauren Hilfiker
|
0-0: Foul Ball, location: 2F 0-1: Swinging Strike 0-2: Strikes out swinging
|
Top of the 4th over - 4 runs, 3 hits, 0 errors, 2 left on base; Cleveland 7 - Buckhead 6 |
BOTTOM OF THE 4TH |
Buckhead Bowties batting - Pitching for Cleveland Browns : RHP Bob Shepard
|
Batting: SHB Nuygen Vuong
|
0-0: Foul Ball, location: 2F 0-1: Ball 1-1: Ball 2-1: Ground out 4-3 (Groundball, 4, EV 85.0 MPH)
|
Batting: RHB Jeff Mouton
|
0-0: Swinging Strike 0-1: Called Strike 0-2: Ball 1-2: Foul Ball, location: 2F 1-2: Strikes out swinging
|
Batting: LHB Marcus Shill
|
0-0: SINGLE (Line Drive, 4D, EV 104.4 MPH)
|
Batting: RHB Emílio Agramónte
|
0-0: Foul Ball, location: 2F 0-1: Foul Ball, location: 2F 0-2: Ball 1-2: Foul Ball, location: 2F 1-2: Foul Ball, location: 2F 1-2: Fielders Choice at 2nd, 5-4 (Groundball, 56, EV 86.2 MPH)
|
Bottom of the 4th over - 0 runs, 1 hit, 0 errors, 1 left on base; Cleveland 7 - Buckhead 6 |
TOP OF THE 5TH |
Cleveland Browns batting - Pitching for Buckhead Bowties : LHP Jong-yong Ha
|
Batting: RHB Katsuhiko Ishihara
|
0-0: Foul Ball, location: 2F 0-1: Ball 1-1: Ball 2-1: Ball 3-1: Foul Ball, location: 2F 3-2: Foul Ball, location: 2F 3-2: Strikes out swinging
|
Batting: RHB Roy Burns
|
0-0: Bunted foul 0-1: Ball 1-1: Ball 2-1: Ball 3-1: Foul Ball, location: 2F 3-2: Foul Ball, location: 2F 3-2: Strikes out swinging
|
Batting: RHB Richard Trevithick
|
0-0: Ball 1-0: Ball 2-0: Called Strike 2-1: Called Strike 2-2: Strikes out swinging
|
Top of the 5th over - 0 runs, 0 hits, 0 errors, 0 left on base; Cleveland 7 - Buckhead 6 |
BOTTOM OF THE 5TH |
Buckhead Bowties batting - Pitching for Cleveland Browns : RHP Bob Shepard
|
Batting: LHB Jesús Encarnación
|
0-0: Called Strike 0-1: Ball 1-1: Fly out, F3 (Popup, 3L, EV 83.8 MPH)
|
Batting: RHB Barsati Saraf
|
0-0: SINGLE (Line Drive, 89M, EV 94.4 MPH)
|
Batting: SHB Henrique de Senna Fernandes
|
0-0: Ball 1-0: Ball 2-0: Called Strike 2-1: Ball 3-1: Base on Balls Barsati Saraf to second
|
Batting: RHB Henry Lambright
|
0-0: Ball 1-0: Called Strike 1-1: Swinging Strike 1-2: Foul Ball, location: 2F 1-2: Ball 2-2: Strikes out swinging
|
Batting: LHB Badry Maksimenov
|
0-0: Ball 1-0: Foul Ball, location: 2F 1-1: Ball 2-1: Ball 3-1: 3-RUN HOME RUN (Flyball, 9LD, EV 98.8 MPH), Distance : 351 ft
|
Batting: SHB Nuygen Vuong
|
0-0: Ball 1-0: Foul Ball, location: 2F 1-1: Foul Ball, location: 2F 1-2: Foul Ball, location: 2F 1-2: Ball 2-2: SOLO HOME RUN (Flyball, 9D, EV 86.9 MPH), Distance : 363 ft
|
Batting: RHB Jeff Mouton
|
0-0: Swinging Strike 0-1: SOLO HOME RUN (Flyball, 7D, EV 90.0 MPH), Distance : 392 ft
|
Batting: LHB Marcus Shill
|
0-0: Ground out 4-3 (Groundball, 4, EV 86.2 MPH)
|
Bottom of the 5th over - 5 runs, 4 hits, 0 errors, 0 left on base; Cleveland 7 - Buckhead 11 |
TOP OF THE 6TH |
Cleveland Browns batting - Pitching for Buckhead Bowties : LHP Jong-yong Ha
|
Batting: LHB Henry Madore
|
0-0: Ball 1-0: Foul Ball, location: 2F 1-1: Ball 2-1: Ball 3-1: Ground out 4-3 (Groundball, 4, EV 82.5 MPH)
|
Batting: SHB Galtero Suárez
|
0-0: Ball 1-0: Ball 2-0: Ball 3-0: Base on Balls
|
Pitching: RHP Wong Fei-Hung
|
|
Batting: LHB Surender Nada
|
0-0: Fly out, F9 (Line Drive, 9, EV 99.4 MPH)
|
Batting: SHB Esteban Piñeiro
|
0-0: Foul Ball, location: 2F 0-1: Foul Ball, location: 2F 0-2: SINGLE (Groundball, P, EV 63.8 MPH) (infield hit) Galtero Suárez to second
|
Batting: RHB Rob Brooks
|
0-0: Ball 1-0: Ball 2-0: Swinging Strike 2-1: Ball 3-1: Foul Ball, location: 2F 3-2: Strikes out looking
|
Top of the 6th over - 0 runs, 1 hit, 0 errors, 2 left on base; Cleveland 7 - Buckhead 11 |
BOTTOM OF THE 6TH |
Buckhead Bowties batting - Pitching for Cleveland Browns : RHP Bob Shepard
|
Batting: RHB Emílio Agramónte
|
0-0: Ball 1-0: Ball 2-0: Swinging Strike 2-1: Ball 3-1: SINGLE (Groundball, 34D, EV 100.6 MPH)
|
Pitching: LHP Ricky McCauley
|
|
Batting: LHB Jesús Encarnación
|
0-0: Ball 1-0: Called Strike 1-1: Ball 2-1: Foul Ball, location: 2F 2-2: Strikes out looking
|
Batting: RHB Barsati Saraf
|
0-0: Ball 1-0: Ball 2-0: Ball 3-0: Base on Balls Emílio Agramónte to second
|
Batting: SHB Henrique de Senna Fernandes
|
0-0: Called Strike 0-1: Ball 1-1: SINGLE (Line Drive, 4M, EV 95.0 MPH) Emílio Agramónte to third Barsati Saraf to second
|
Batting: RHB Henry Lambright
|
0-0: Fly out, F1 (Line Drive, P, EV 60.6 MPH)
|
Batting: LHB Badry Maksimenov
|
0-0: Ball 1-0: Called Strike 1-1: Ball 2-1: Called Strike 2-2: Foul Ball, location: 2F 2-2: Ball 3-2: Foul Ball, location: 2F 3-2: Strikes out swinging
|
Bottom of the 6th over - 0 runs, 2 hits, 0 errors, 3 left on base; Cleveland 7 - Buckhead 11 |
TOP OF THE 7TH |
Cleveland Browns batting - Pitching for Buckhead Bowties : RHP Wong Fei-Hung
|
Batting: LHB Lauren Hilfiker
|
0-0: Ball 1-0: Swinging Strike 1-1: Foul Ball, location: 2F 1-2: Strikes out swinging
|
Batting: RHB Katsuhiko Ishihara
|
0-0: Called Strike 0-1: Ball 1-1: Ball 2-1: Called Strike 2-2: Ground out 1-3 (Groundball, 13, EV 86.9 MPH)
|
Batting: RHB Roy Burns
|
0-0: Called Strike 0-1: Ball 1-1: Swinging Strike 1-2: Strikes out swinging
|
Top of the 7th over - 0 runs, 0 hits, 0 errors, 0 left on base; Cleveland 7 - Buckhead 11 |
BOTTOM OF THE 7TH |
Buckhead Bowties batting - Pitching for Cleveland Browns : LHP Ricky McCauley
|
Batting: SHB Nuygen Vuong
|
0-0: Ball 1-0: Fly out, F7 (Flyball, 7, EV 80.0 MPH)
|
Batting: RHB Jeff Mouton
|
0-0: Called Strike 0-1: Swinging Strike 0-2: Ball 1-2: SINGLE (Line Drive, 7S, EV 97.5 MPH)
|
Batting: LHB Marcus Shill
|
0-0: Fielders Choice at 2nd, 6-4 (Groundball, 6M, EV 81.2 MPH)
|
Batting: RHB Emílio Agramónte
|
0-0: Fly out, F9 (Flyball, 9S, EV 86.2 MPH)
|
Bottom of the 7th over - 0 runs, 1 hit, 0 errors, 1 left on base; Cleveland 7 - Buckhead 11 |
TOP OF THE 8TH |
Cleveland Browns batting - Pitching for Buckhead Bowties : RHP Wong Fei-Hung
|
Batting: RHB Richard Trevithick
|
0-0: Called Strike 0-1: Ball 1-1: Called Strike 1-2: Strikes out looking
|
Batting: LHB Henry Madore
|
0-0: Ball 1-0: Ball 2-0: Ball 3-0: Called Strike 3-1: SINGLE (Groundball, 34D, EV 101.2 MPH)
|
Batting: SHB Galtero Suárez
|
0-0: 2-RUN HOME RUN (Flyball, 9D, EV 111.2 MPH), Distance : 365 ft
|
Batting: LHB Surender Nada
|
0-0: Called Strike 0-1: Called Strike 0-2: Foul Ball, location: 2F 0-2: Ball 1-2: Fly out, F9 (Flyball, 9S, EV 94.4 MPH)
|
Batting: SHB Esteban Piñeiro
|
0-0: Called Strike 0-1: Ground out U3 (Groundball, 3, EV 77.5 MPH)
|
Top of the 8th over - 2 runs, 2 hits, 0 errors, 0 left on base; Cleveland 9 - Buckhead 11 |
BOTTOM OF THE 8TH |
Buckhead Bowties batting - Pitching for Cleveland Browns : LHP Ricky McCauley
|
Batting: LHB Jesús Encarnación
|
0-0: Ball 1-0: Ball 2-0: Foul Ball, location: 2F 2-1: Called Strike 2-2: Foul Ball, location: 2F 2-2: Ground out 4-3 (Groundball, 34, EV 100.6 MPH)
|
Batting: RHB Barsati Saraf
|
0-0: Called Strike 0-1: Ball 1-1: Ball 2-1: SINGLE (Groundball, 5D, EV 96.2 MPH)
|
Batting: SHB Henrique de Senna Fernandes
|
0-0: Swinging Strike 0-1: Foul Ball, location: 2F 0-2: Foul Ball, location: 2F 0-2: Foul Ball, location: 2F 0-2: Ball 1-2: Ball 2-2: Ball 3-2: Ground out 6-3 (Groundball, 6, EV 91.9 MPH) Barsati Saraf to second
|
Batting: RHB Henry Lambright
|
0-0: Ball 1-0: Called Strike 1-1: Ball 2-1: Ground out 4-3 (Groundball, 4, EV 104.4 MPH)
|
Bottom of the 8th over - 0 runs, 1 hit, 0 errors, 1 left on base; Cleveland 9 - Buckhead 11 |
TOP OF THE 9TH |
Cleveland Browns batting - Pitching for Buckhead Bowties : RHP Wong Fei-Hung
|
Pitching: RHP Nand Lal Chaudhary
|
|
Batting: RHB Rob Brooks
|
0-0: Called Strike 0-1: SINGLE (Line Drive, 78S, EV 101.2 MPH)
|
Batting: LHB Lauren Hilfiker
|
0-0: Ball 1-0: Ball 2-0: Foul Ball, location: 2F 2-1: Called Strike 2-2: Foul Ball, location: 2F 2-2: Foul Ball, location: 2F 2-2: Fly out, F5 (Line Drive, 5, EV 74.4 MPH)
|
Batting: RHB Katsuhiko Ishihara
|
0-0: Ball 1-0: Called Strike 1-1: Hit by Pitch Rob Brooks to second
|
Pinch Hitting: LHB Roberto Vázquez
|
0-0: Ball 1-0: Ball 2-0: Swinging Strike 2-1: Foul Ball, location: 2F 2-2: Ball 3-2: Base on Balls Rob Brooks to third Katsuhiko Ishihara to second
|
Batting: RHB Richard Trevithick
|
0-0: Ball 1-0: Called Strike 1-1: Ball 2-1: Foul Ball, location: 2F 2-2: Ball 3-2: Foul Ball, location: 2F 3-2: Fly out, F9 (Flyball, 9LD, EV 94.4 MPH)
|
Batting: LHB Henry Madore
|
0-0: Called Strike 0-1: Fielders Choice at 2nd, 5-4 (Groundball, 56, EV 85.6 MPH)
|
Top of the 9th over - 0 runs, 1 hit, 0 errors, 3 left on base; Cleveland 9 - Buckhead 11 |
|